 Dungeon Crawl Stone Soup version 0.30-a0-859-gf88a04b62d (webtiles) character file.

Game seed: 10127240175889236140

26788 lunkers the Protected (level 13, -8/119 HPs)
             Began as a Meteoran Fighter on Mar 6, 2023.
             Was a High Priest of Okawaru.
             Mangled by an alligator snapping turtle (22 damage)
             ... on level 1 of the Shoals.
             The game lasted 00:29:18 (7879 turns).

lunkers the Protected (Meteoran Fighter)            Turns: 7879, Time: 00:29:19

Health: -8/119     AC: 24    Str: 17    XL:     13   Next: 99%
Magic:  18/20      EV: 14    Int:  9    God:    Okawaru [*****.]
Gold:   654        SH:  8    Dex: 27    Spells: 12/12 levels left

rFire   + . .      SeeInvis .    b - +3 short sword (drain)
rCold   + . .      Faith    .    c - +0 buckler
rNeg    . . .      Spirit   .    B - +0 gold dragon scales
rPois   +          Reflect  .    (no helmet)
rElec   .          Rampage  .    (no cloak)
rCorr   .                        A - +0 pair of gloves
Will    +....                    (no boots) Stlth
                                 G - amulet of regeneration
HPRegen 1.19/turn                w - +5 ring of evasion
MPRegen 0.17/turn                j - +6 ring of dexterity

@: heroic, glowing
A: sense surroundings 2, otherworldly, glowing, explore regen
a: Renounce Religion, Heroism, Finesse, Duel


You were on level 1 of the Shoals.
You worshipped Okawaru.
Okawaru was extremely pleased with you.
You visited 4 branches of the dungeon, and saw 15 of its levels.
You also visited: Sewer.

You collected 654 gold pieces.

Inventory:

Hand Weapons
 a - a +0 long sword of freezing
 b - a +3 short sword of draining (weapon)
 i - a +1 dagger of protection
 y - a +0 great sword
 z - a +4 short sword
Missiles
 e - 3 throwing nets
Armour
 c - a +0 buckler (worn)
 n - a +2 robe of willpower
 u - a +2 ring mail of cold resistance
 A - a +0 pair of gloves (worn)
 B - +0 gold dragon scales (worn)
 F - a +1 kite shield of reflection
Jewellery
 h - a ring of magical power
 j - a +6 ring of dexterity (right hand)
 q - an amulet of faith
 w - a +5 ring of evasion (left hand)
 x - a ring of resist corrosion
 G - an amulet of regeneration (around neck)
Wands
 s - a wand of acid (9)
 v - a wand of mindburst (11)
 C - a wand of polymorph (11)
 H - a wand of digging (6)
Scrolls
 k - 3 scrolls of teleportation
 l - 4 scrolls of fog
 p - a scroll of vulnerability
 r - a scroll of enchant weapon
 t - a scroll of fear
 J - a scroll of magic mapping
 L - a scroll of silence
Potions
 d - a potion of resistance
 f - 2 potions of invisibility
 g - a potion of flight
 m - a potion of mutation {unknown}
 o - 4 potions of curing
 D - 2 potions of magic
 E - a potion of heal wounds {unknown}
Miscellaneous
 I - a condenser vane


   Skills:
 + Level 12.5(17.5) Fighting
 - Level 11.4(17.0) Short Blades
 - Level 6.3(15.2) Long Blades
 + Level 14.9(19.9) Armour
 - Level 5.2(10.2) Dodging
 - Level 3.6(8.6) Shields
 - Level 8.0 Invocations
 + Level 6.9 Evocations


You had 12 spell levels left.
You didn't know any spells.
Your spell library contained the following spells:

 Spells                   Type           Power      Damage    Failure   Level
 Static Discharge         Conj/Air       0%         2-2/arc   100%        2
 Vhi's Electric Charge    Tloc/Air       0%         N/A       100%        3
 Cause Fear               Hex            0%         N/A       100%        4
 Arcjolt                  Conj/Air       0%         1d10      100%        5
 Lightning Bolt           Conj/Air       0%         1d11      100%        5
 Dragon Form              Tmut           0%         N/A       100%        7
 Dragon's Call            Summ           Unusable   N/A       N/A         9

Dungeon Overview and Level Annotations

Branches:
Dungeon (8/15) Zot: 811    Temple (1/1) D:7 Zot: 435    Lair (5/5) D:8 Zot: 422
 Shoals (1/4) Lair:2 Zot: 556   Slime (0/5) Lair:4        Sewer (visited)
  Snake: Lair:2-3    Spider: Lair:2-3

Altars:
Ashenzari
Cheibriados
Dithmenos
Elyvilon
Fedhas
Gozag
Hepliaklqana
Kikubaaqudgha
Makhleb
Nemelex Xobeh
Okawaru
Qazlal
Ru
Sif Muna
Trog
Uskayaw
Vehumet
Wu Jian
Xom
Yredelemnul
Zin
The Shining One
Jiyva

Shops:
D:5 !


Innate Abilities, Weirdness & Mutations

You passively map the area around you.
You are easily found by Zot.
You glow in the dark.
You regain HP and MP as you explore.


Message History

You block the alligator snapping turtle's attack.
Things that are here:
a +0 trident; a +0 robe; a merfolk corpse A sea snake comes into view.
The alligator snapping turtle barely misses you.
The sea snake hisses angrily.
There is a staircase back to the Lair, spattered with blood here.
The alligator snapping turtle bites you!
* * * LOW HITPOINT WARNING * * *
You gain the combat prowess of a mighty hero.
You block the alligator snapping turtle's attack.
Unknown command.
You hit the alligator snapping turtle but do no damage.
You drain the alligator snapping turtle.
The alligator snapping turtle is lightly wounded.
You hit the alligator snapping turtle.
You drain the alligator snapping turtle.
The alligator snapping turtle is lightly wounded.
You hit the alligator snapping turtle but do no damage.
You drain the alligator snapping turtle.
The alligator snapping turtle is lightly wounded.
The alligator snapping turtle bites you!!
* * * LOW HITPOINT WARNING * * *
You puncture the sea snake!
The sea snake is lightly wounded.
The sea snake bites you but does no damage.
Unknown command.
You hit the alligator snapping turtle but do no damage.
The alligator snapping turtle is lightly wounded.
The alligator snapping turtle closely misses you.
You hit the alligator snapping turtle but do no damage.
You drain the alligator snapping turtle.
The alligator snapping turtle is lightly wounded.
The sea snake bites you but does no damage.
You hit the alligator snapping turtle.
The alligator snapping turtle is lightly wounded.
The sea snake bites you!
* * * LOW HITPOINT WARNING * * *
The alligator snapping turtle bites you!!
You die...

~ ,..=.~≈≈~.... **
~~ ~ ,...~≈≈≈~...
* , ,
,,*#...~≈≈≈... ,,
, ~~ . #...~≈≈....
,, ~ ~
,..###..~≈≈≈.... ,
, ~≈.....~$~≈~..,
, ~.....~~~.#* , ~
~, ~~.~.~~<..# *
~~, ~ ......S@..#
~ ......~t..# * ,
, ,
,.###..~~~)......,
~ #...~~......., ,
~ ~~
**#...≈≈≈~~...P ,
, ~ , ,
....~≈≈≈~~...., ,,
, ....~≈≈≈≈≈~....
, ~
....~~~≈≈≈≈~~.P. ,
,
~......~~≈≈≈≈≈≈~~
*


You could see an alligator snapping turtle (drained) and a sea snake.

Vanquished Creatures
  A merfolk impaler (Shoals:1)
  Harold (Lair:2)
  3 hydras
  3 catoblepae (Lair:5)
  A boulder beetle (Lair:5)
  2 two-headed ogres (D:8)
  2 death yaks (Lair:5)
  A skyshark (Lair:2)
  A harpy (Lair:2)
  Pikel (D:7)
  2 manticores (Lair:5)
  4 elephants (Lair:3)
  2 torpor snails
  4 cane toads
  3 rime drakes
  5 komodo dragons
  A merfolk (Shoals:1)
  A polar bear (Lair:4)
  A hornet (Lair:4)
  Grinder (D:5)
  2 dream sheep (Lair:2)
  3 blink frogs (Lair:3)
  Sigmund (D:4)
  5 basilisks
  2 wyverns (Lair:2)
  32 yaks
  Edmund (D:4)
  7 water moccasins
  Duvessa (D:4)
  An orc warrior (D:8)
  An ice beast (D:7)
  5 black bears
  A centaur (D:6)
  A phantom (D:6)
  3 kobold brigands
  17 bullfrogs
  Blork the orc (D:4)
  2 scorpions
  5 wights (D:7)
  Dowan (D:4)
  A howler monkey (D:8)
  2 hounds (D:4)
  2 jellies (D:6)
  A gnoll bouda (D:5)
  2 orc priests
  A sleepcap (D:6)
  5 hell rats (Lair:2)
  An iguana (D:5)
  2 orc wizards
  8 gnolls
  10 adders
  7 river rats (Sewer)
  2 white imps (D:6)
  A worm (D:3)
  A dart slug (D:1)
  27 orcs
  3 bats
  6 endoplasms
  2 giant cockroaches
  5 goblins
  4 hobgoblins
  4 jackals
  6 quokkas
  11 ball pythons
  A frilled lizard (Sewer)
  13 kobolds
  7 rats
267 creatures vanquished.

Vanquished Creatures (others)
  30 fungi
  36 plants
66 creatures vanquished.

Grand Total: 333 creatures vanquished

Notes
Turn   | Place    | Note
-------+----------+-------------------------------------------
     0 | D:1      | lunkers the Meteoran Fighter began the quest for the Orb.
     0 | D:1      | Reached XP level 1. HP: 19/19 MP: 2/2
    79 | D:1      | Reached XP level 2. HP: 26/26 MP: 3/3
   307 | D:1      | Found a faded altar of an unknown god.
   424 | D:2      | Noticed a black bear
   430 | D:2      | Killed a black bear
   431 | D:2      | Reached skill level 5 in Long Blades
   431 | D:2      | Reached XP level 3. HP: 23/31 MP: 4/4
   431 | D:2      | Reached XP level 4. HP: 28/38 MP: 5/5
   431 | D:2      | Reached XP level 5. HP: 34/45 MP: 6/6
   784 | D:3      | Reached skill level 1 in Short Blades
   813 | D:3      | Reached XP level 6. HP: 42/42 MP: 7/7
   844 | D:3      | Found a white marble altar of Elyvilon.
  1091 | D:3      | Found a glowing drain.
  1096 | Sewer    | Entered a sewer
  1361 | Sewer    | Reached XP level 7. HP: 57/57 MP: 8/8
  1516 | Sewer    | Glimpsed the power of Zot.
  1571 | D:4      | Noticed Duvessa
  1579 | D:4      | Noticed Dowan
  1590 | D:4      | Killed Duvessa
  1591 | D:4      | Reached skill level 5 in Short Blades
  1595 | D:4      | Killed Dowan
  1746 | D:4      | Noticed Edmund
  1760 | D:4      | Killed Edmund
  1761 | D:4      | Reached XP level 8. HP: 43/63 MP: 9/9
  1779 | D:4      | Noticed Blork the orc
  1791 | D:4      | Killed Blork the orc
  2225 | D:4      | Noticed Sigmund
  2246 | D:4      | Killed Sigmund
  2362 | D:5      | Entered Level 5 of the Dungeon
  2377 | D:5      | Found Avviafun's Distillery.
  2442 | D:5      | Found a bloodstained altar of Trog.
  2799 | D:6      | Gained mutation: You passively map the area around you.
                  | [Meteoran growth]
  2799 | D:6      | Reached XP level 9. HP: 66/70 MP: 10/10
  2844 | D:5      | Noticed Grinder
  2856 | D:5      | Killed Grinder
  2857 | D:5      | Reached skill level 10 in Short Blades
  2952 | D:6      | Found an ornate altar of the Wu Jian Council.
  3289 | D:7      | Found a staircase to the Ecumenical Temple.
  3305 | Temple   | Entered the Ecumenical Temple
  3453 | Temple   | Became a worshipper of Warmaster Okawaru
  3715 | D:7      | Reached skill level 1 in Dodging
  3863 | D:7      | Reached * piety under Okawaru
  3864 | D:7      | Reached XP level 10. HP: 40/80 MP: 11/11
  3945 | D:7      | Found a burning altar of Makhleb.
  4039 | D:8      | Noticed a two-headed ogre
  4055 | D:8      | Reached skill level 1 in Invocations
  4069 | D:8      | Killed a two-headed ogre
  4070 | D:8      | Reached skill level 5 in Fighting
  4070 | D:8      | Reached skill level 5 in Dodging
  4091 | D:8      | Reached ** piety under Okawaru
  4337 | D:8      | Noticed Pikel
  4376 | D:7      | Killed Pikel
  4377 | D:7      | Reached skill level 5 in Armour
  4525 | D:8      | Reached skill level 6 in Armour
  4560 | D:8      | Noticed a two-headed ogre
  4573 | D:8      | Killed a two-headed ogre
  4574 | D:8      | Reached skill level 7 in Armour
  4574 | D:8      | Reached XP level 11. HP: 80/92 MP: 13/15
  4757 | D:8      | Found a staircase to the Lair.
  4784 | Lair:1   | Entered Level 1 of the Lair of Beasts
  4847 | Lair:1   | Reached skill level 8 in Armour
  4880 | Lair:1   | Reached *** piety under Okawaru
  5230 | Lair:2   | Reached skill level 9 in Armour
  5261 | Lair:2   | Noticed Harold
  5294 | Lair:2   | Killed Harold
  5295 | Lair:2   | Reached skill level 10 in Armour
  5420 | Lair:2   | Noticed a torpor snail
  5463 | Lair:2   | Reached **** piety under Okawaru
  5464 | Lair:2   | Reached skill level 11 in Armour
  5509 | Lair:2   | Killed a torpor snail
  5560 | Lair:2   | Reached XP level 12. HP: 71/104 MP: 16/16
  5604 | Lair:2   | Received a gift from Okawaru
  5610 | Lair:2   | Reached skill level 12 in Armour
  5823 | Lair:3   | Reached skill level 10 in Fighting
  5830 | Lair:3   | Reached skill level 5 in Invocations
  5872 | Lair:3   | Reached skill level 13 in Armour
  5934 | Lair:4   | Found a staircase to the Slime Pits.
  5934 | Lair:4   | Found a viscous altar of Jiyva.
  6039 | Lair:4   | Noticed a seven-headed hydra
  6067 | Lair:4   | Killed a seven-headed hydra
  6272 | Lair:4   | Noticed a six-headed hydra
  6312 | Lair:4   | Killed a six-headed hydra
  6421 | Lair:4   | Reached skill level 1 in Evocations
  6421 | Lair:4   | Reached XP level 13. HP: 111/115 MP: 19/19
  6499 | Lair:5   | Entered Level 5 of the Lair of Beasts
  6514 | Lair:5   | Noticed a four-headed hydra
  6551 | Lair:5   | Killed a four-headed hydra
  6635 | Lair:5   | Noticed a boulder beetle
  6684 | Lair:5   | Killed a boulder beetle
  6867 | Lair:5   | Noticed a catoblepas
  6910 | Lair:5   | Killed a catoblepas
  6911 | Lair:5   | Reached skill level 14 in Armour
  6930 | Lair:5   | Noticed a catoblepas
  6966 | Lair:5   | Killed a catoblepas
  6966 | Lair:5   | Reached ***** piety under Okawaru
  7084 | Lair:5   | Noticed a death yak
  7119 | Lair:5   | Killed a death yak
  7120 | Lair:5   | Reached skill level 5 in Evocations
  7121 | Lair:5   | Noticed a death yak
  7126 | Lair:5   | Noticed a death yak
  7127 | Lair:5   | Noticed a death yak
  7202 | Lair:5   | Noticed a death yak
  7203 | Lair:5   | Noticed a death yak
  7226 | Lair:5   | Killed a death yak
  7438 | Lair:5   | Noticed a catoblepas
  7470 | Lair:5   | Killed a catoblepas
  7753 | Lair:2   | Found a staircase to the Shoals.
  7770 | Shoals:1 | Entered Level 1 of the Shoals
  7770 | Shoals:1 | Noticed a merfolk impaler
  7778 | Shoals:1 | Noticed an alligator snapping turtle
  7855 | Shoals:1 | Killed a merfolk impaler
  7855 | Shoals:1 | Received a gift from Okawaru
  7879 | Shoals:1 | Mangled by an alligator snapping turtle

Illustrated notes

Levels and vault maps discovered:
D:1:      elethiomel_arrival_infinity_welcomes_careful_drivers,
          layout_loops_ring, chequers_ecumenical_altar_grove
D:2:      layout_basic, minmay_fractal_squares_gapless_5
D:3:      layout_rooms, mainiacjoe_overflow_tiny_flanked, serial_curves,
          eino_curves_01, eino_curves_03, portal_sewer_entry_e
D:4:      layout_cave_pods, uniq_sigmund, uniq_duvessa, uniq_edmund,
          uniq_blork_the_orc
D:5:      layout_loops_ring, mainiacjoe_overflow_catwalk, serial_glass,
          glass_columns_c, glass_columns_a, minmay_strange_pillars,
          serial_shops, shop, glass_columns_a, dreamdust_princess_corridor,
          roderic_lattice_a, uniq_grinder
D:6:      layout_basic, nicolae_wu_jian_wuxing_cycle
D:7:      layout_basic, old_standard_altar, minmay_temple_entry_tees
D:8:      layout_gridville, grunt_lair_entry_orc_guard_hut,
          hangedman_decor_diamond_cutter, kennysheep_generic_room_13, uniq_pikel
Temple:   compressed_dpeg_circular_temple
Lair:1:   layout_misc_corridors
Lair:2:   layout_regular_city, nicolae_shoals_entry_roost, beast_lair_carwin_6,
          uniq_harold
Lair:3:   layout_cave_pods, nicolae_spider_entry_lesser_pyramids, uniq_sonja
Lair:4:   layout_layer_cave, slime_entry_1, lemuel_fruit_tree,
          grunt_megastairs_5
Lair:5:   evilmike_catoblepas_cave, layout_regular_city,
          ebering_ghost_disaster_area, serial_bayou_shore_a
Shoals:1: layout_shoals, serial_shops, shop_statue, lemuel_centaur_altar

Skill      XL: |  1  2  3  4  5  6  7  8  9 10 11 12 13 |
---------------+----------------------------------------+-----
Long Blades    | 3 5 6 |  6.3
Short Blades   | 1 4 6 9 11 | 11.4
Dodging        | 3 5 |  5.2
Fighting       | 4 7 9 10 12 | 12.5
Invocations    | 4 7 8 |  8.0
Armour         | 7 11 13 14 | 14.9
Evocations     | 1 6 |  6.9
Shields        | |  3.6

Action                     |  1- 3 |  4- 6 |  7- 9 | 10-12 | 13-15 || total
---------------------------+-------+-------+-------+-------+-------++-------
  Melee: Long sword        |    32 |    51 |       |       |       ||    83
         Short sword       |       |   109 |   343 |   773 |   469 ||  1694
 Invoke: Heroism           |       |       |       |    15 |     8 ||    23
    Use: Potion            |     1 |       |     3 |       |     1 ||     5
         Scroll            |       |       |    13 |     6 |     6 ||    25
 Armour: Scale mail        |    20 |    60 |    13 |       |       ||    93
         Robe              |       |       |    27 |       |       ||    27
         Ring mail         |       |       |    10 |    30 |       ||    40
         Gold dragon scale |       |       |       |   230 |   180 ||   410
  Dodge: Dodged            |    16 |    39 |    83 |   249 |   134 ||   521
  Block: Buckler           |    13 |    34 |    54 |   156 |   111 ||   368

Table legend: (Time is in decaauts)
 A = Elapsed time spent in this place.
 B = Non-inter-level travel time spent in this place.
 C = Inter-level travel time spent in this place.
 D = Time resting spent in this place.
 E = Time spent auto-exploring this place.
 F = Levels seen in this place.
 G = Mean time per level.
                   A        B        C        D        E       F      G
               +--------+--------+--------+--------+--------+-----+--------+
         Total |   7310 |   6951 |    359 |     19 |   4082 |  16 |  456.9 |
       Dungeon |   3988 |   3722 |    266 |     19 |   2548 |   8 |  498.5 |
        Temple |    164 |    147 |     17 |      0 |     84 |   1 |  164.0 |
          Lair |   2577 |   2502 |     75 |      0 |   1098 |   5 |  515.4 |
        Shoals |     42 |     42 |      0 |      0 |      0 |   1 |   42.0 |
         Sewer |    536 |    536 |      0 |      0 |    351 |   1 |  536.0 |
               +--------+--------+--------+--------+--------+-----+--------+

Top non-repeatable levels by time:
  Lair:5: 886 daAuts
     D:4: 754 daAuts
     D:8: 642 daAuts
  Lair:2: 580 daAuts
     D:5: 566 daAuts
  Lair:4: 542 daAuts
   Sewer: 536 daAuts
     D:7: 475 daAuts
     D:3: 442 daAuts
     D:1: 418 daAuts
     D:6: 415 daAuts
  Lair:1: 298 daAuts
     D:2: 273 daAuts
  Lair:3: 269 daAuts
  Temple: 164 daAuts
